 Dungeon Crawl Stone Soup version 0.30.1-4-g462c640d31 (webtiles) character file.

Game seed: 9486569853783401715

500 Wiggles the Chopper (level 6, -2/85 HPs)
             Began as a Minotaur Berserker on Sept 18, 2023.
             Was a Priest of Trog.
             Killed by divine providence
             ... invoked by an orc priest
              (11 damage)
             ... on level 4 of the Dungeon.
             The game lasted 00:03:32 (2368 turns).

Wiggles the Chopper (Minotaur Berserker)            Turns: 2368, Time: 00:03:32

Health: -2/85      AC: 11    Str: 23    XL:     6   Next: 94%
Magic:  0/5        EV:  7    Int:  4    God:    Trog [***...]
Gold:   180        SH:  0    Dex: 10    Spells: 5/5 levels left

rFire   . . .        a - +0 hand axe
rCold   . . .        (no shield)
rNeg    . . .        e - +0 plate armour
rPois   .            (helmet restricted)
rElec   .            (no cloak)
rCorr   .            (no gloves)
SInv    .            (no boots)
Will    .....        n - amulet of guardian spirit Stlth
                     (no ring)
HPRegen 0.34/turn    (no ring)
MPRegen 0.09/turn

%: guardian spirit
@: berserking, very quick
A: horns 2, retaliatory headbutt
a: Renounce Religion, Berserk, Trog's Hand


You were on level 4 of the Dungeon.
You worshipped Trog.
Trog was most pleased with you.
You visited 1 branch of the dungeon, and saw 4 of its levels.

You collected 180 gold pieces.

Inventory:

Hand Weapons
 a - a +0 hand axe (weapon)
Armour
 e - a +0 plate armour (worn)
Jewellery
 k - an amulet of magic regeneration
 n - an amulet of guardian spirit (around neck)
Scrolls
 c - 2 scrolls of enchant armour {unknown}
 d - a scroll of brand weapon {unknown}
 f - 4 scrolls of identify {unknown}
 h - a scroll of noise {unknown}
 i - 2 scrolls of fog {unknown}
 j - a scroll of summoning {unknown}
 l - a scroll of enchant weapon {unknown}
Potions
 b - 2 potions of flight {unknown}
 g - a potion of curing {unknown}
 m - a potion of mutation {unknown}
 o - a potion of lignification {unknown}


   Skills:
 + Level 5.8 Fighting
 + Level 7.3 Axes
 + Level 4.1 Armour
 + Level 2.7 Dodging
 + Level 0.3 Stealth


You had 5 spell levels left.
You didn't know any spells.
Your spell library was empty.

Dungeon Overview and Level Annotations

Branches:
Dungeon (4/15)
 Temple: D:4-7

Altars:
Okawaru
Sif Muna
Trog

Annotations:
D:4 Menkaure


Innate Abilities, Weirdness & Mutations

You have a pair of horns on your head.
You reflexively headbutt those who attack you in melee.


Message History

You kill the lemure!
That felt strangely unrewarding.
An orc comes into view. It is wielding a +0 dagger.
The orc shouts!
You hear a shout!
You hear a bark!
The orc hits you but does no damage. The lemure hits you but does no damage.
Pikel hits you with a +0 whip of flaming.
Pikel burns you.
You completely miss Pikel.
Pikel is moderately wounded.
You slash the orc!
You kill the orc!
Trog accepts your kill.
You hit the lemure.
Menkaure calls on the powers of darkness!
Pikel convulses!
The orc convulses!
Your body is wracked with pain!
* * * LOW HITPOINT WARNING * * *
The orc convulses!
The endoplasm convulses!
Something is bathed in an unholy light!
The orc convulses! x2
You hit Pikel.
Pikel is severely wounded.
You slash the lemure! The lemure hits you.
* * * LOW HITPOINT WARNING * * *
An orc priest comes into view. It is wielding a +0 dagger.
Pikel hits you but does no damage.
You hit Pikel. Your headbutt misses Pikel.
Pikel is almost dead.
You barely miss the lemure. You hit the endoplasm.
You kill the endoplasm!
Trog accepts your kill. Pikel barely misses you. The lemure hits you.
* * * LOW HITPOINT WARNING * * *
You slash Pikel!
You kill Pikel!
Trog accepts your kill.
You closely miss the orc. You hit the lemure.
With Pikel's spell broken, his former minions thank you for their freedom.
The lemure departs this earthly plane. x3
The orc priest invokes the aid of Beogh against you.
Beogh smites you!
You die...

.#.... ##.......... ##.
##......... #####.....
##..#..... . ##
##.)_#####. ... ##.
##....##..#. .:..#oS
##...###.....
.....oo#####...###..)...
...o.M)@..#...#∩#...#...
.o..{§§##....###)..####.
....### #...###...##.###
... #..##....##..# .
#####_:^##...#
#..##...## ####....#
##....## #......###


You could see Menkaure (fast), an orc priest, an adder and 4 orcs.

Vanquished Creatures
  Pikel (D:4)
  An ice beast (D:3)
  An orc warrior (D:4)
  A lemure (D:4)
  An orc priest (D:3)
  5 orc wizards
  4 gnolls (D:3)
  4 adders
  2 worms
  2 dart slugs
  10 orcs
  3 endoplasms (D:4)
  2 giant cockroaches
  6 goblins
  7 hobgoblins
  9 quokkas
  3 ball pythons
  4 bats (D:1)
  3 frilled lizards
  4 kobolds
  7 rats
80 creatures vanquished.

Notes
Turn   | Place    | Note
-------+----------+-------------------------------------------
     0 | D:1      | Wiggles the Minotaur Berserker began the quest for the Orb.
     0 | D:1      | Reached XP level 1. HP: 19/19 MP: 0/0
   261 | D:1      | Reached XP level 2. HP: 27/27 MP: 1/1
   273 | D:1      | Reached skill level 4 in Axes
   706 | D:2      | Reached XP level 3. HP: 28/33 MP: 2/2
   787 | D:2      | Reached ** piety under Trog
   914 | D:2      | Found a faded altar of an unknown god.
  1181 | D:3      | Reached XP level 4. HP: 41/41 MP: 3/3
  1185 | D:3      | Reached skill level 5 in Axes
  1191 | D:3      | Reached skill level 5 in Fighting
  1250 | D:3      | Found an iron altar of Okawaru.
  1282 | D:3      | Noticed an ice beast
  1292 | D:3      | Reached XP level 5. HP: 48/48 MP: 4/4
  1297 | D:3      | Killed an ice beast
  1298 | D:3      | Reached skill level 6 in Axes
  1408 | D:3      | Reached XP level 6. HP: 48/56 MP: 5/5
  1430 | D:3      | HP: 2/57 [something (3)]
  1435 | D:3      | Reached *** piety under Trog
  2210 | D:4      | Found a shimmering blue altar of Sif Muna.
  2240 | D:4      | Noticed an orc warrior
  2253 | D:4      | Killed an orc warrior
  2254 | D:4      | Reached skill level 7 in Axes
  2340 | D:4      | Found a bloodstained altar of Trog.
  2351 | D:4      | Noticed Pikel
  2352 | D:4      | Noticed Menkaure
  2368 | D:4      | Killed Pikel
  2368 | D:4      | Killed from afar by an orc priest

Illustrated notes

Levels and vault maps discovered:
D:1:      dpeg_arrival_concentric_ovals, layout_loops_ring,
          amcnicky_mini_corridor_feature, st_stairs_14
D:2:      layout_rooms, shapermc_ecumenical_altar_pompeii,
          minmay_misc_feat_five, minivault_14
D:3:      layout_rooms, mainiacjoe_overflow_boulevard
D:4:      layout_layer_cave, nzn_overflow_gifts_of_might_and_magic,
          serial_shops, shop, uniq_grinder, uniq_pikel, uniq_menkaure,
          uniq_natasha, uniq_blork_the_orc

Skill      XL: |  1  2  3  4  5  6 |
---------------+-------------------+-----
Axes           | 4 5 6 7 |  7.3
Fighting       | 4 5 |  5.8
Armour         | 3 4 |  4.1
Dodging        | |  2.7
Stealth        | |  0.3

Action                     |  1- 3 |  4- 6 || total
---------------------------+-------+-------++-------
  Melee: Hand axe          |    66 |   111 ||   177
         Headbutt          |    10 |    11 ||    21
         Punch             |       |     3 ||     3
 Invoke: Berserk           |     1 |     4 ||     5
 Armour: Plate armour      |    32 |    72 ||   104
  Dodge: Dodged            |    19 |    33 ||    52
